 Dungeon Sprint DCSS version 0.30.1-9-gdf580d7c3d (webtiles) character file.

Game seed: 2996064438666826785

2815 boopmooplesden the Severer (level 9, -13/92 HPs)
             Began as a Minotaur Fighter on Sept 25, 2023.
             Was a High Priest of Trog.
             Mangled by Erolcha
             ... wielding a +0 giant club
              (31 damage)
             ... in the Dungeon (Sprint VII: "The Pits").
             The game lasted 00:02:57 (1213 turns).

boopmooplesden the Severer (Minotaur Fighter)       Turns: 1213, Time: 00:02:58

Health: -13/92     AC:  9    Str: 24    XL:     9   Next: 44%
Magic:  8/8        EV: 20    Int:  5    God:    Trog [*****.]
Gold:   0          SH:  0    Dex: 11    Spells: 8/8 levels left

rFire   + + .        r - melded +2 war axe (freeze)
rCold   + + .        c - melded +0 buckler
rNeg    + + +        n - melded +2 plate armour
rPois   ∞            (helmet currently unavailable)
rElec   +            (cloak currently unavailable)
rCorr   +            t - melded +0 pair of gloves
SInv    .            s - melded +0 pair of boots
Will    .....        (amulet currently unavailable)
Stlth   +            p - melded +3 ring of dexterity
HPRegen 0.35/turn    q - melded +3 ring of strength
MPRegen 0.11/turn

%: no teleportation
@: wisp-form (expiring), on berserk cooldown, flying, slowed, very slow
A: insubstantial, flying, no casting, tiny, (horns 2), (retaliatory headbutt)
a: Renounce Religion, Berserk, Trog's Hand, Brothers in Arms


You were in the Dungeon.
You worshipped Trog.
Trog was extremely pleased with you.
You were an insubstantial wisp.
You visited 1 branch

Inventory:

Hand Weapons
 a - a +0 war axe
 o - a +2 hand axe of freezing
 r - a +2 war axe of freezing (melded)
 u - a +0 heavy broad axe
Armour
 b - a +0 scale mail
 c - a +0 buckler (melded)
 n - a +2 plate armour (melded)
 s - a +0 pair of boots (melded)
 t - a +0 pair of gloves (melded)
Jewellery
 p - a +3 ring of dexterity (melded)
 q - a +3 ring of strength (melded)
Scrolls
 j - a scroll of blinking
 l - 5 scrolls of amnesia
 m - a scroll of summoning
Potions
 d - a potion of might
 e - 6 potions of curing
 f - 11 potions of heal wounds
 g - a potion of haste
 h - 4 potions of magic
 i - 3 potions of berserk rage
 k - 2 potions of invisibility


   Skills:
 + Level 12.7 Fighting
 + Level 15.2 Axes
 + Level 13.1 Armour
 + Level 4.1 Dodging
 + Level 12.1 Shields


You had 8 spell levels left.
You didn't know any spells.
Your spell library was empty.

Dungeon Overview and Level Annotations

Branches:
Dungeon (1/1)

Altars:
Cheibriados
Dithmenos
Elyvilon
Fedhas
Gozag
Hepliaklqana
Makhleb
Nemelex Xobeh
Okawaru
Qazlal
Ru
Sif Muna
Trog
Vehumet
Wu Jian
Xom
Yredelemnul
Zin
The Shining One
Jiyva
Lugonu

Annotations:
D Erolcha


Innate Abilities, Weirdness & Mutations

You are an insubstantial wisp.
Your tiny insubstantial body is highly resistant to most damage types.
You are flying.
Your equipment is entirely melded.
You are incapable of wielding weapons or throwing items.
You cannot cast spells.
((You have a pair of horns on your head.))
((You reflexively headbutt those who attack you in melee.))


Message History

Your +2 plate armour melds into your body.
Your +3 ring of dexterity melds into your body.
Your +3 ring of strength melds into your body.
Your +2 war axe of freezing stops glowing.
You feel clumsy.
You feel weaker.
There is an open door, spattered with blood here.
You see here a swamp drake corpse.
You feel a strong urge to attack something.
Something barely misses you.
You touch something!
You closely miss something.
You touch something.
You hear some strange, mumbled words.
You feel a strong urge to attack something.
You are no longer berserk.
You are exhausted.
You feel yourself slow down.
You hear some strange, mumbled words.
A fireball appears from out of thin air!
The fireball explodes!
The fireball engulfs you! You resist.
You hear some strange, mumbled words.
You touch something but do no damage.
Something closely misses you.
You touch something!
Something hits you.
You touch something.
You closely miss something. Something barely misses you.
You barely miss something.
You hear some strange, mumbled words.
Your transformation is almost over.
There is an open door, spattered with blood here.
You see here a swamp drake corpse.
You hear some strange, mumbled words.
A fireball appears from out of thin air!
The fireball explodes!
The fireball engulfs you. You resist. Something misses you.
You barely miss something. Something hits you!!
You touch something but do no damage.
Something hits you!!
You closely miss something. Something hits you!!
* * * LOW HITPOINT WARNING * * *
You touch something!
Something hits you!!
You die...

.##.......##......#
.##.......##......#
###...<...###....## ####
[##.......# ##''## ###..+
.##.......###.÷..###....#
###.......##...)).#....#
.###########......†....+
############...{..#....#
#....#.![.###...v###....#
#....#!..[# ##''## ###..+
)..).'..))# #..÷)# ####
#....#.!))##......#
#....#!.).##......#
###################


There were no monsters in sight!

Vanquished Creatures
  A manticore (D)
  2 black mambas (D)
  A hornet (D)
  A wyvern (D)
  A steam dragon (D)
  4 floating eyes (D)
  An ice beast (D)
  An orc warrior (D)
  2 swamp drakes (D)
  A centaur (D)
  A scorpion (D)
  A quasit (D)
  A jelly (D)
  2 gnoll boudas (D)
  An iron imp (D)
  An adder (D)
  4 gnolls (D)
  An ufetubus (D)
  A bat zombie (D)
  An endoplasm (D)
  2 giant cockroaches (D)
  A goblin (D)
  A hobgoblin (D)
  A ball python (D)
34 creatures vanquished.

Vanquished Creatures (others)
  A deep elf pyromancer (D)
1 creature vanquished.

Grand Total: 35 creatures vanquished

Notes
Turn   | Place    | Note
-------+----------+-------------------------------------------
     0 | D        | boopmooplesden the Minotaur Fighter began the quest for the
                  | Orb.
     0 | D        | Reached XP level 1. HP: 19/19 MP: 0/0
     9 | D        | Noticed a floating eye
    13 | D        | Killed a floating eye
    14 | D        | Reached skill level 4 in Axes
    14 | D        | Reached XP level 2. HP: 31/31 MP: 1/1
    14 | D        | Reached XP level 3. HP: 38/38 MP: 2/2
    14 | D        | Reached XP level 4. HP: 45/45 MP: 3/3
    38 | D        | Found a bloodstained altar of Trog.
    38 | D        | Found a shimmering blue altar of Sif Muna.
    38 | D        | Found a viscous altar of Jiyva.
    38 | D        | Found a hazy altar of Hepliaklqana.
    38 | D        | Found an opulent altar of Gozag.
    39 | D        | Found a glowing golden altar of the Shining One.
    39 | D        | Found a glowing silver altar of Zin.
    39 | D        | Found a basalt altar of Yredelemnul.
    39 | D        | Found a shimmering altar of Xom.
    39 | D        | Found an ornate altar of the Wu Jian Council.
    39 | D        | Found a sacrificial altar of Ru.
    39 | D        | Found a stormy altar of Qazlal.
    39 | D        | Found an iron altar of Okawaru.
    39 | D        | Found a sparkling altar of Nemelex Xobeh.
    39 | D        | Found a burning altar of Makhleb.
    39 | D        | Found a blossoming altar of Fedhas.
    39 | D        | Found a white marble altar of Elyvilon.
    39 | D        | Found a shadowy altar of Dithmenos.
    39 | D        | Found a snail-covered altar of Cheibriados.
    41 | D        | Found a corrupted altar of Lugonu.
    41 | D        | Found a radiant altar of Vehumet.
    42 | D        | Became a worshipper of Trog the Wrathful
    49 | D        | Noticed a floating eye
    50 | D        | Paralysed by a floating eye for 2 turns
    55 | D        | Killed a floating eye
    56 | D        | Reached skill level 5 in Axes
    56 | D        | Reached XP level 5. HP: 56/56 MP: 4/4
    64 | D        | Noticed a floating eye
    66 | D        | Killed a floating eye
    66 | D        | Reached * piety under Trog
    67 | D        | Reached skill level 6 in Axes
    67 | D        | Reached XP level 6. HP: 63/63 MP: 5/5
    76 | D        | Reached ** piety under Trog
   146 | D        | Noticed an ice beast
   161 | D        | Killed an ice beast
   161 | D        | Reached *** piety under Trog
   162 | D        | Reached skill level 10 in Fighting
   162 | D        | Reached skill level 7 in Axes
   175 | D        | Noticed a floating eye
   178 | D        | Killed a floating eye
   179 | D        | Reached skill level 8 in Axes
   179 | D        | Reached skill level 10 in Armour
   179 | D        | Reached skill level 10 in Shields
   179 | D        | Reached XP level 7. HP: 73/73 MP: 6/6
   182 | D        | Reached **** piety under Trog
   199 | D        | Reached skill level 9 in Axes
   199 | D        | Reached skill level 1 in Dodging
   440 | D        | Noticed a black mamba
   445 | D        | Killed a black mamba
   446 | D        | Reached skill level 11 in Axes
   517 | D        | Reached XP level 8. HP: 82/82 MP: 7/7
   709 | D        | Noticed a manticore
   709 | D        | Noticed a hornet
   717 | D        | Killed a hornet
   718 | D        | Reached skill level 12 in Axes
   721 | D        | Killed a manticore
   721 | D        | Reached ***** piety under Trog
   722 | D        | Reached skill level 13 in Axes
   881 | D        | Noticed a deep elf pyromancer
   882 | D        | Noticed a black mamba
   892 | D        | Reached skill level 14 in Axes
   892 | D        | Reached XP level 9. HP: 41/90 MP: 8/8
   893 | D        | Killed a black mamba
   893 | D        | Received a gift from Trog
   895 | D        | HP: 5/136 [fire elemental[a deep elf pyromancer] (3)]
   895 | D        | Killed a deep elf pyromancer
   896 | D        | HP: 2/92 [poisoned by a swamp drake (noxious blast)]
  1184 | D        | Noticed Erolcha
  1190 | D        | Reached skill level 15 in Axes
  1213 | D        | Mangled by Erolcha

Illustrated notes

Levels and vault maps discovered:
D:        pitsprint [storerooms_1, entrance_room_1, metal_vault_2, armoury_2,
          mini_pit_1, grid_room_1, main_hall_1, silver_pit, the_coven_3,
          the_vestibule_1, steel_vault_4, golden_pit, hallway_of_sentries,
          crystal_vault_1, iron_vault_5, final_vault]

Skill      XL: |  1  2  3  4  5  6  7  8  9 |
---------------+----------------------------+-----
Fighting       | 6 8 9 10 11 12 | 12.7
Axes           | 4 5 6 8 11 14 15 | 15.2
Armour         | 6 8 9 10 12 13 | 13.1
Shields        | 6 8 10 11 12 | 12.1
Dodging        | 1 3 4 |  4.1

Action                     |  1- 3 |  4- 6 |  7- 9 || total
---------------------------+-------+-------+-------++-------
  Melee: War axe           |     3 |    36 |    71 ||   110
         Headbutt          |     1 |     7 |    10 ||    18
         Unarmed           |       |       |    12 ||    12
 Invoke: Berserk           |       |       |     3 ||     3
    Use: Potion            |       |       |     2 ||     2
 Armour: Scale mail        |       |    25 |       ||    25
         Plate armour      |       |     8 |    63 ||    71
  Dodge: Dodged            |       |    13 |    34 ||    47
  Block: Buckler           |       |     9 |    28 ||    37
